Unix NetHack Version 3.7.0-66 Work-in-progress - last build Dec 5 2022 03:26:57 (dbea811729ade750c4c0c7f8ab6145c62533a6e7,branch:master). Game began 2022-12-15 17:14:31, ended 2022-12-15 18:10:52. doomcircle, chaotic male elven Wizard ------------ |......<....# |..........|### ##-------------------------------- |...........### #-..............................| |..........| #####|...-------- .-----------.| |..........+ #|...|+++|..-------.|..|((( |.| ------------ |...| ++|..|.....|.|..|((( +.| |...| ..||-|.._..|.--||.. ----.| -...---|-..|.....|....-|---....| |..........|.....|.............| |........{.---|---.{...........| |............[)..........).....| |...-|---.....).....--+--Y--...| |...|. --------.---| |.@.|...| |...|(( |%..-.-..| |.@(|...| |...|(( |%..|.|..| |!?+|...| |...------+-----.---- -----...| |..............................- -------------------------------- Doomcircle the Thaumaturge St:10 Dx:14 Co:12 In:20 Wi:10 Ch:12 Chaotic S:3593 Dlvl:8 $:333 HP:0(49) Pw:0(79) AC:8 Xp:7/725 T:3041 Latest messages: You drop an uncursed pick-axe. "Hello, doomcircle! Welcome again to Pakka Pakka's general store!" You see here a lock pick (for sale, 20 zorkmids). You see here a scroll labeled ELBIB YLOH (for sale, 400 zorkmids). You see here a silver spellbook (for sale, 300 zorkmids). You see here a scroll labeled THARR (for sale, 60 zorkmids). You see here a purple-red potion (for sale, 50 zorkmids). An ape suddenly appears close by! In what direction? u The door resists! In what direction? u The door closes. The ape opens a door. The ape hits! The ape hits! The ape bites! In what direction? k The spell hits the ape! You kill the ape! The spell hits the ape! You kill the ape! The spell hits the ape! What do you want to throw? [$JMNPQU or ?*] U In what direction? k The dagger hits the ape. You don't have enough energy to cast that spell. You kill the ape! In what direction? k You kick an ape corpse. Thump! Ouch! That hurts! What do you want to throw? [$JMNPQU or ?*] U In what direction? k The dagger hits the ape. You miss the ape. The ape hits! The ape hits! The ape bites! You hit the ape. The ape hits! The ape hits! The ape bites! You miss the ape. The ape hits! The ape hits! The ape bites! You die... Pakka Pakka gratefully inherits all your possessions. Do you want to see what you had when you died? [ynq] (y) y Do you want to see your attributes? [ynq] (y) q Inventory: Coins $ - 333 gold pieces Weapons P - 2 blessed +1 daggers (at the ready) U - 7 +0 daggers Q - a cursed -1 dagger N - a cursed -4 dagger R - a blessed +1 elven dagger (weapon in hand) J - a +0 elven dagger M - a cursed -1 orcish dagger Armor F - a blessed +0 pair of elven boots (being worn) b - an uncursed +0 cloak of magic resistance (being worn) G - an uncursed +0 dwarvish cloak E - a cursed -1 dwarvish cloak Scrolls D - an uncursed scroll of gold detection i - 3 uncursed scrolls of identify j - an uncursed scroll of teleportation Potions V - an uncursed potion of blindness r - an uncursed potion of fruit juice n - a cursed potion of fruit juice h - an uncursed potion of gain ability f - a blessed potion of healing W - an uncursed potion of healing g - an uncursed potion of object detection B - an uncursed potion of paralysis A - an uncursed potion of sleeping Rings d - an uncursed ring of searching e - an uncursed ring of sustain ability Wands t - a wand of create monster (0:12) c - a wand of sleep (0:8) s - a wand of speed monster (0:5) q - a wand of undead turning (0:4) Tools X - an empty uncursed sack m - an uncursed bugle S - an uncursed blindfold L - an uncursed skeleton key x - an uncursed tallow candle u - a cursed tin opener Gems/Stones p - an uncursed amber stone C - an uncursed amethyst stone O - an uncursed ruby I - 3 uncursed worthless pieces of blue glass o - an uncursed worthless piece of green glass K - 2 uncursed worthless pieces of red glass v - a cursed worthless piece of violet glass T - 3 uncursed worthless pieces of yellow glass w - a cursed worthless piece of yellowish brown glass Doomcircle the Wizard's attributes: Background: You were a Thaumaturge, a level 7 male elven Wizard. You were chaotic, on a mission for Anhur who was opposed by Ptah (lawful) and Thoth (neutral). You were in the Gnomish Mines, on level 8. You entered the dungeon 3041 turns ago. You had 725 experience points, 555 more were needed to attain level 8. Your score was 3593 before end-of-game adjustments. Basics: You had 0 out of 49 hit points. You had 0 out of 79 energy points (spell power). Your armor class was 8. Your wallet contained 333 zorkmids. Autopickup was off. Final Characteristics: Your strength was 10 (limit:18). Your dexterity was 14 (limit:18). Your constitution was 12 (limit:16). Your intelligence was 20 (limit:20). Your wisdom was 10 (limit:20). Your charisma was 12 (limit:18). Final Status: You were not hungry. You were unencumbered. You were wielding a dagger. You had basic skill with dagger. Final Attributes: You were piously aligned. You were magic-protected. You were sleep resistant. You had infravision. You were stealthy. You were warded. You are dead. Miscellaneous: You never encountered a bones level. Total elapsed playing time was 56 minutes and 21 seconds. Major events: Turn 1: doomcircle the chaotic male elven Wizard entered the dungeon 990: entered the Gnomish Mines 1009: attained the rank of Conjurer (level 3) 2067: attained the rank of Thaumaturge (level 6) 2468: reached Mine Town 3041: killed by an ape Vanquished creatures: a large cat a leprechaun a yeti a gold golem a jaguar 3 apes a soldier ant 2 rock piercers a shrieker 4 gnome leaders 3 gnomish wizards 2 floating eyes 9 dwarves a kobold leader 2 hill orcs a rothe a coyote 4 hobbits 29 gnomes a gecko 4 jackals a kobold a goblin 4 sewer rats 2 lichens 2 kobold zombies 4 newts 87 creatures vanquished. No species were genocided or became extinct. Voluntary challenges: You read items or engraved 4 times. You engraved Elbereth 1 time. You never genocided any monsters. You never polymorphed an object. You never changed form. You used no wishes. Achievements: You entered the Gnomish Mines. You attained the rank of Conjurer. You attained the rank of Thaumaturge. You entered Minetown. You entered a temple. You entered a shop. The Dungeons of Doom: levels 1 to 4 Level 1: Some fountains. Level 2: Many altars, a fountain. Level 3: A fountain, a sink. Level 4: Stairs down to The Gnomish Mines. The Gnomish Mines: levels 5 to 8 Level 5: Level 6: Level 7: Level 8: <- You were here. A general store, a temple to Anhur, some fountains. Final resting place for you, killed by an ape. Game over: ---------- / \ / REST \ / IN \ / PEACE \ / \ | doomcircle | | 333 Au | | killed by an ape | | | | | | | | 2022 | *| * * * | * _________)/\\_//(\/(/\)/\//\/|_)_______ Goodbye doomcircle the Wizard... You died in The Gnomish Mines on dungeon level 8 with 3560 points, and 333 pieces of gold, after 3041 moves. You were level 7 with a maximum of 49 hit points when you died.